MapleLeafs vs Lightning

Created - 29 septembre 2017 at 17:05

Simulating a Pre-Season

Goals
1 2 3 OT1 SO T
MapleLeafs 1 0 1 0 1 3
Lightning 1 1 0 0 0 2
Shots
1 2 3 OT1 SO T
MapleLeafs 7 8 13 2 3 30
Lightning 15 7 6 6 3 34

1st period

1. Lightning , Jeff Carter 5 (David Schlemko 3) at 6:16
2. MapleLeafs , Reilly Smith 4 (Dmitry Kulikov 4) at 10:28

Penalties :
Nazem Kadri (TOR) for Tripping (Minor) at 7:08, Alexei Emelin (TOR) for Tripping (Minor) at 14:59

2nd period

3. Lightning , Patric Hornqvist 4 (Johnny Gaudreau 10, Jeff Carter 9) at 15:46

Penalties :
Jimmy Hayes (TOR) for Tripping (Minor) at 4:58, Lawson Crouse (TOR) for Hooking (Minor) at 10:46, Kyle Quincey (TBL) for Hooking (Minor) at 11:13, Reilly Smith (TOR) for Diving (Minor) at 11:13

3rd period

4. MapleLeafs , Karl Alzner 2 (Reilly Smith 4, Nick Leddy 3) at 1:18

Penalties :
Matt Hendricks (TBL) for Unsportsmanlike conduct (Minor) at 7:54

Overtime #1

No Goal

Penalties :
No Penalty

Shootout

Penalty Shot by Nazem Kadri for MapleLeafs - Stopped by Kari Lehtonen
Penalty Shot by Jeff Carter for Lightning - Stopped by Craig Anderson
Penalty Shot by Milan Lucic for MapleLeafs - Stopped by Kari Lehtonen
Penalty Shot by Henrik Sedin for Lightning - Shot Misses the Net
Penalty Shot by Jordan Staal for MapleLeafs - Goal!
Penalty Shot by Travis Zajac for Lightning - Stopped by Craig Anderson

Penalties :
No Penalty

Goalie Stats

Craig Anderson (TOR), 32 saves from 34 shots - (0.941), W, 2-4-1, 65:00 minutes
Kari Lehtonen (TBL), 28 saves from 30 shots - (0.933), OTL, 2-6-1, 65:00 minutes

Players Stats for MapleLeafs

Player Name              G  A  P  +/- PIM S  H  SB GA TA FO     MP     PP MP  PK MP  
------------------------------------------------------------------------------------
Alexei Emelin            0  0  0   0  2   0  5  2  0  0  0/0    17:55   1:01   2:01 
Anthony Mantha           0  0  0   0  0   5  0  0  0  0  0/2    17:09   0:00   0:27 
Brent Seabrook           0  0  0   0  0   1  2  2  0  0  0/0    22:11   0:58   3:34 
Cory Conacher            0  0  0  -1  0   1  1  1  0  0  0/0    11:37   0:58   0:00 
David Krejci             0  0  0   1  0   7  0  0  0  0  11/15  17:42   0:00   0:06 
Dmitry Kulikov           0  1  1   0  0   0  1  0  0  0  0/0    19:56   1:01   3:47 
Frederick Gaudreau       0  0  0  -1  0   1  0  0  0  0  0/0    11:10   0:58   0:00 
Jimmy Hayes              0  0  0   0  2   0  0  0  0  0  1/2     7:42   0:00   0:00 
Jordan Staal             0  0  0   0  0   4  1  0  0  0  13/23  14:28   1:01   4:05 
Karl Alzner              1  0  1   0  0   2  2  2  0  0  0/0    25:04   0:00   3:19 
Lawson Crouse            0  0  0   1  2   0  1  0  0  0  0/1    16:48   1:01   0:00 
Marc Methot              0  0  0   0  0   3  2  0  0  0  0/0    19:35   0:58   2:39 
Mikael Backlund          0  0  0  -1  0   2  0  0  0  0  10/19  15:41   0:58   4:31 
Milan Lucic              0  0  0   0  0   1  1  0  0  0  1/2    21:14   0:00   2:33 
Nazem Kadri              0  0  0   0  2   0  1  0  0  0  11/21  18:21   0:00   0:00 
Nick Leddy               0  1  1   0  0   0  1  3  0  0  0/0    20:18   0:00   0:32 
Reilly Smith             1  1  2   1  2   2  1  0  0  0  0/2    19:45   1:01   2:37 
Scott Laughton           0  0  0   0  0   1  0  0  0  0  0/1     8:24   0:00   0:00 

Players Stats for Lightning

Player Name              G  A  P  +/- PIM S  H  SB GA TA FO     MP     PP MP  PK MP  
------------------------------------------------------------------------------------
Andrej Sekera            0  0  0   0  0   1  4  0  0  0  0/0    21:36   1:42   0:00 
David Schlemko           0  1  1   0  0   0  0  1  0  0  0/0    16:28   1:42   0:00 
Eric Fehr                0  0  0   0  0   0  0  0  0  0  2/5    12:19   0:58   1:09 
Erik Gudbranson          0  0  0   0  0   1  3  0  0  0  0/0    20:06   3:08   0:56 
Henrik Sedin             0  0  0  -1  0   5  0  0  0  0  8/20   20:59   3:53   0:17 
Jeff Carter              1  1  2   2  0   6  1  0  0  0  15/24  22:27   2:31   0:00 
Johnny Gaudreau          0  1  1   2  0   5  0  0  0  0  1/3    21:08   2:31   0:03 
Justin Bailey            0  0  0  -1  0   1  0  0  0  0  0/1     7:14   0:00   0:00 
Kevin Klein              0  0  0   1  0   0  3  1  0  0  0/0    19:03   1:34   0:56 
Kyle Quincey             0  0  0  -1  2   1  1  1  0  0  0/0    21:38   2:23   1:03 
Matt Hendricks           0  0  0  -1  2   0  1  0  0  0  0/0     8:11   0:58   0:00 
Patric Hornqvist         1  0  1   2  0   7  1  0  0  0  1/2    22:27   2:31   0:00 
Teddy Purcell            0  0  0   0  0   1  0  0  0  0  0/0    10:38   0:00   0:00 
Tobias Rieder            0  0  0  -1  0   0  0  1  0  0  0/1    17:35   2:55   0:30 
Travis Zajac             0  0  0   0  0   2  1  1  0  0  8/18   13:35   0:00   0:00 
Trevor Daley             0  0  0   0  0   1  4  0  0  0  0/0    26:08   2:18   1:03 
Troy Brouwer             0  0  0  -1  0   3  2  0  0  0  2/3    19:52   2:55   1:03 
Vernon Fiddler           0  0  0  -1  0   0  0  0  0  0  4/11    9:36   0:00   0:56 

3 Stars

1 - Jeff Carter (TBL)
2 - Patric Hornqvist (TBL)
3 - Reilly Smith (TOR)

Power Play

MapleLeafs - 0 on 1 Attempt(s) - 0.00%
Lightning - 0 on 4 Attempt(s) - 0.00%

Penalty Kill

MapleLeafs - 4 on 4 Attempt(s) - 100.00% - Score 0 goal in Penalty Kill
Lightning - 1 on 1 Attempt(s) - 100.00% - Score 0 goal in Penalty Kill

Team Stat

MapleLeafs - Hits : 19 - Faceoff Wins : 47 - Blocked Shots : 10 - Penalty Minutes : 10
Lightning - Hits : 21 - Faceoff Wins : 41 - Blocked Shots : 5 - Penalty Minutes : 4

Official

Referees : Kevin Pollock and Tim Peel
Linesman : Ryan Gibbons and Lonnie Cameron

Game Notes

No Game Note

% Time on Ice - MapleLeafs

Lines # - Real PCT - Wanted PCT - Time Play
Normal Forward
1 - 33% - 35% - 16:09
2 - 31% - 32% - 15:34
3 - 21% - 20% - 10:12
4 - 16% - 13% - 7:43
Normal Defense
1 - 38% - 38% - 18:46
2 - 32% - 34% - 15:58
3 - 30% - 28% - 14:54
4 - 0% - 0% - 0:00
PP Forward
1 - 49% - 62% - 0:58
2 - 51% - 38% - 1:01
PP Defense
1 - 51% - 55% - 1:01
2 - 49% - 45% - 0:58
PK Forward
1 - 59% - 52% - 3:46
2 - 41% - 48% - 2:38
PK Defense
1 - 54% - 52% - 3:26
2 - 46% - 48% - 2:58
PK3 Forward
1 - 49% - 52% - 0:45
2 - 51% - 48% - 0:47
PK3 Defense
1 - 58% - 50% - 0:53
2 - 42% - 50% - 0:39
44 Forward
1 - 0% - 50% - 0:00
2 - 100% - 50% - 0:27
44 Defense
1 - 100% - 50% - 0:27
2 - 0% - 50% - 0:00
Last Minute Offensive  - 0:00
Last Minute Defensive  - 0:00
Total
Forward - 60:00
Defense - 60:00

% Time on Ice - Lightning

Lines # - Real PCT - Wanted PCT - Time Play
Normal Forward
1 - 35% - 40% - 17:36
2 - 29% - 30% - 14:10
3 - 21% - 20% - 10:38
4 - 15% - 10% - 7:14
Normal Defense
1 - 39% - 40% - 19:29
2 - 32% - 30% - 15:49
3 - 25% - 20% - 12:10
4 - 4% - 10% - 2:10
PP Forward
1 - 39% - 60% - 2:31
2 - 61% - 40% - 3:53
PP Defense
1 - 51% - 60% - 3:16
2 - 49% - 40% - 3:08
PK Forward
1 - 75% - 60% - 1:29
2 - 25% - 40% - 0:30
PK Defense
1 - 53% - 60% - 1:03
2 - 47% - 40% - 0:56
PK3 Forward
1 - 0% - 60%
2 - 0% - 40%
PK3 Defense
1 - 0% - 60%
2 - 0% - 40%
44 Forward
1 - 50% - 60% - 1:00
2 - 50% - 40% - 0:59
44 Defense
1 - 39% - 60% - 0:46
2 - 61% - 40% - 1:13
Last Minute Offensive  - 0:00
Last Minute Defensive  - 0:00
Total
Forward - 60:00
Defense - 60:00

Play by Play

1st period


0:01 of 1st period - Patric Hornqvist wins face-off versus Anthony Mantha in neutral zone.
0:06 of 1st period - Shot by Johnny Gaudreau.
0:06 of 1st period - Shot Blocked by Nick Leddy.
0:30 of 1st period - Off-side.
0:31 of 1st period - David Krejci wins face-off versus Henrik Sedin in neutral zone.
0:43 of 1st period - David Krejci is hit by Kyle Quincey and loses puck.
0:52 of 1st period - Shot by David Krejci.
0:52 of 1st period - Shot Misses the Net.
1:03 of 1st period - Shot by Marc Methot.
1:03 of 1st period - Stopped by Kari Lehtonen without a rebound.
1:04 of 1st period - Mikael Backlund wins face-off versus Travis Zajac in Lightning zone.
1:06 of 1st period - Cory Conacher is hit by Kevin Klein and loses puck.
1:55 of 1st period - Icing by Dmitry Kulikov.
1:56 of 1st period - Vernon Fiddler wins face-off versus Mikael Backlund in MapleLeafs zone.
2:03 of 1st period - Shot by Vernon Fiddler.
2:03 of 1st period - Shot Misses the Net.
2:40 of 1st period - Shot by Patric Hornqvist.
2:40 of 1st period - Shot Misses the Net.
2:42 of 1st period - Shot by Patric Hornqvist.
2:42 of 1st period - Shot Blocked by Nick Leddy.
3:21 of 1st period - David Krejci is hit by Kevin Klein and loses puck.
3:42 of 1st period - Shot by Troy Brouwer.
3:42 of 1st period - Stopped by Craig Anderson without a rebound.
3:43 of 1st period - Jordan Staal wins face-off versus Travis Zajac in MapleLeafs zone.
3:55 of 1st period - Icing by Karl Alzner.
3:56 of 1st period - Henrik Sedin wins face-off versus Jimmy Hayes in MapleLeafs zone.
4:30 of 1st period - Shot by Troy Brouwer.
4:30 of 1st period - Deflect By Henrik Sedin.
4:30 of 1st period - Stopped by Craig Anderson with a rebound.
4:53 of 1st period - Teddy Purcell is hit by Karl Alzner and loses puck.
5:04 of 1st period - Shot by Travis Zajac.
5:04 of 1st period - Shot Misses the Net.
5:30 of 1st period - Shot by Jeff Carter.
5:30 of 1st period - Stopped by Craig Anderson without a rebound.
5:31 of 1st period - David Krejci wins face-off versus Justin Bailey in MapleLeafs zone.
6:16 of 1st period - Shot by Jeff Carter.
6:16 of 1st period - Goal by Jeff Carter - MapleLeafs : 0 - Lightning : 1.
6:17 of 1st period - Nazem Kadri wins face-off versus Henrik Sedin in neutral zone.
6:44 of 1st period - Shot by Henrik Sedin.
6:44 of 1st period - Shot Hit the Post.
7:06 of 1st period - Tobias Rieder is hit by Nazem Kadri and loses puck.
7:08 of 1st period - Minor Penalty to Nazem Kadri for Tripping.
7:09 of 1st period - Jeff Carter wins face-off versus Jordan Staal in MapleLeafs zone.
8:48 of 1st period - Shot by Jordan Staal.
8:48 of 1st period - Shot Misses the Net.
9:32 of 1st period - Icing by Mikael Backlund.
9:33 of 1st period - Vernon Fiddler wins face-off versus Mikael Backlund in MapleLeafs zone.
9:34 of 1st period - Shot by Justin Bailey.
9:34 of 1st period - Shot Misses the Net.
9:36 of 1st period - Shot by Kevin Klein.
9:36 of 1st period - Shot Blocked by Karl Alzner.
9:38 of 1st period - Shot by Justin Bailey.
9:38 of 1st period - Stopped by Craig Anderson without a rebound.
9:39 of 1st period - Nazem Kadri wins face-off versus Vernon Fiddler in MapleLeafs zone.
9:52 of 1st period - Shot by Milan Lucic.
9:52 of 1st period - Shot Misses the Net.
10:28 of 1st period - Shot by Reilly Smith.
10:28 of 1st period - Goal by Reilly Smith - MapleLeafs : 1 - Lightning : 1.
10:29 of 1st period - Jordan Staal wins face-off versus Johnny Gaudreau in neutral zone.
10:33 of 1st period - Off-side.
10:34 of 1st period - David Krejci wins face-off versus Jeff Carter in neutral zone.
10:34 of 1st period - David Krejci is hit by Patric Hornqvist.
10:37 of 1st period - Nick Leddy is hit by Trevor Daley and loses puck.
11:22 of 1st period - Icing by Trevor Daley.
11:23 of 1st period - Nazem Kadri wins face-off versus Jeff Carter in Lightning zone.
11:44 of 1st period - Shot by Troy Brouwer.
11:44 of 1st period - Deflect By Henrik Sedin.
11:44 of 1st period - Shot Misses the Net.
11:52 of 1st period - Shot by Henrik Sedin.
11:52 of 1st period - Stopped by Craig Anderson without a rebound.
11:53 of 1st period - Travis Zajac wins face-off versus Mikael Backlund in MapleLeafs zone.
11:56 of 1st period - Shot by Travis Zajac.
11:56 of 1st period - Shot Misses the Net.
12:12 of 1st period - Shot by Frederick Gaudreau.
12:12 of 1st period - Stopped by Kari Lehtonen without a rebound.
12:13 of 1st period - Henrik Sedin wins face-off versus Jordan Staal in Lightning zone.
12:48 of 1st period - Shot by Troy Brouwer.
12:48 of 1st period - Deflect By Henrik Sedin.
12:48 of 1st period - Stopped by Craig Anderson with a rebound.
13:08 of 1st period - Icing by Travis Zajac.
13:09 of 1st period - David Krejci wins face-off versus Travis Zajac in Lightning zone.
13:32 of 1st period - Icing by Marc Methot.
13:33 of 1st period - Jeff Carter wins face-off versus Reilly Smith in MapleLeafs zone.
13:35 of 1st period - Johnny Gaudreau is hit by Marc Methot and loses puck.
13:42 of 1st period - Shot by Patric Hornqvist.
13:42 of 1st period - Stopped by Craig Anderson without a rebound.
13:43 of 1st period - Henrik Sedin wins face-off versus Nazem Kadri in MapleLeafs zone.
13:43 of 1st period - Andrej Sekera is hit by Dmitry Kulikov and loses puck.
14:06 of 1st period - Shot by Henrik Sedin.
14:06 of 1st period - Shot Misses the Net.
14:08 of 1st period - Shot by Tobias Rieder.
14:08 of 1st period - Shot Hit the Post.
14:42 of 1st period - Shot by Jeff Carter.
14:42 of 1st period - Shot Misses the Net.
14:47 of 1st period - Johnny Gaudreau is hit by Alexei Emelin and loses puck.
14:57 of 1st period - Johnny Gaudreau is hit by Alexei Emelin and loses puck.
14:59 of 1st period - Minor Penalty to Alexei Emelin for Tripping.
15:00 of 1st period - Henrik Sedin wins face-off versus Jordan Staal in MapleLeafs zone.
15:01 of 1st period - Shot by Troy Brouwer.
15:01 of 1st period - Stopped by Craig Anderson without a rebound.
15:02 of 1st period - Jeff Carter wins face-off versus Jordan Staal in MapleLeafs zone.
15:02 of 1st period - Andrej Sekera is hit by Karl Alzner.
15:24 of 1st period - Shot by Andrej Sekera.
15:24 of 1st period - Stopped by Craig Anderson without a rebound.
15:25 of 1st period - Jordan Staal wins face-off versus Henrik Sedin in MapleLeafs zone.
16:24 of 1st period - Shot by David Krejci.
16:24 of 1st period - Stopped by Kari Lehtonen without a rebound.
16:25 of 1st period - Jeff Carter wins face-off versus Jordan Staal in Lightning zone.
16:25 of 1st period - Jeff Carter is hit by Jordan Staal.
16:37 of 1st period - Shot by Johnny Gaudreau.
16:37 of 1st period - Shot Hit the Post.
16:39 of 1st period - Shot by Patric Hornqvist.
16:39 of 1st period - Stopped by Craig Anderson without a rebound.
16:40 of 1st period - Mikael Backlund wins face-off versus Jeff Carter in MapleLeafs zone.
17:01 of 1st period - Shot by Patric Hornqvist.
17:01 of 1st period - Stopped by Craig Anderson without a rebound.
17:02 of 1st period - David Krejci wins face-off versus Travis Zajac in MapleLeafs zone.
17:06 of 1st period - Off-side.
17:07 of 1st period - David Krejci wins face-off versus Travis Zajac in neutral zone.
17:39 of 1st period - Shot by David Krejci.
17:39 of 1st period - Stopped by Kari Lehtonen with a rebound.
17:41 of 1st period - Shot by Marc Methot.
17:41 of 1st period - Shot Misses the Net.
17:43 of 1st period - Shot by Brent Seabrook.
17:43 of 1st period - Stopped by Kari Lehtonen without a rebound.
17:44 of 1st period - Nazem Kadri wins face-off versus Jeff Carter in Lightning zone.
17:47 of 1st period - Shot by Anthony Mantha.
17:47 of 1st period - Stopped by Kari Lehtonen without a rebound.
17:48 of 1st period - Nazem Kadri wins face-off versus Jeff Carter in Lightning zone.
18:22 of 1st period - Shot by Patric Hornqvist.
18:22 of 1st period - Stopped by Craig Anderson without a rebound.
18:23 of 1st period - Mikael Backlund wins face-off versus Henrik Sedin in MapleLeafs zone.
19:18 of 1st period - Shot by Eric Fehr.
19:18 of 1st period - Shot Misses the Net.
19:22 of 1st period - Shot by Teddy Purcell.
19:22 of 1st period - Stopped by Craig Anderson without a rebound.
19:23 of 1st period - Jeff Carter wins face-off versus Nazem Kadri in MapleLeafs zone.
19:54 of 1st period - Shot by Jeff Carter.
19:54 of 1st period - Stopped by Craig Anderson without a rebound.
19:55 of 1st period - David Krejci wins face-off versus Travis Zajac in MapleLeafs zone.
Goals for this period are 1 for MapleLeafs vs 1 for Lightning.
Shots for this period are 7 for MapleLeafs vs 15 for Lightning.

2nd period


0:01 of 2nd period - David Krejci wins face-off versus Johnny Gaudreau in neutral zone.
0:22 of 2nd period - Shot by Johnny Gaudreau.
0:22 of 2nd period - Shot Misses the Net.
0:26 of 2nd period - Shot by Patric Hornqvist.
0:26 of 2nd period - Stopped by Craig Anderson without a rebound.
0:27 of 2nd period - Henrik Sedin wins face-off versus Mikael Backlund in MapleLeafs zone.
0:44 of 2nd period - Shot by Karl Alzner.
0:44 of 2nd period - Stopped by Kari Lehtonen without a rebound.
0:45 of 2nd period - Nazem Kadri wins face-off versus Travis Zajac in Lightning zone.
0:46 of 2nd period - Shot by Milan Lucic.
0:46 of 2nd period - Shot Misses the Net.
0:48 of 2nd period - Shot by Alexei Emelin.
0:48 of 2nd period - Shot Blocked by Travis Zajac.
1:23 of 2nd period - Shot by Nazem Kadri.
1:23 of 2nd period - Shot Misses the Net.
1:48 of 2nd period - David Krejci is hit by Andrej Sekera and loses puck.
2:27 of 2nd period - Shot by Troy Brouwer.
2:27 of 2nd period - Stopped by Craig Anderson without a rebound.
2:28 of 2nd period - Henrik Sedin wins face-off versus Mikael Backlund in MapleLeafs zone.
3:05 of 2nd period - Tobias Rieder is hit by Nick Leddy and loses puck.
3:28 of 2nd period - Shot by Matt Hendricks.
3:28 of 2nd period - Shot Blocked by Alexei Emelin.
4:32 of 2nd period - Scott Laughton is hit by Jeff Carter and loses puck.
4:58 of 2nd period - Minor Penalty to Jimmy Hayes for Tripping.
4:59 of 2nd period - Milan Lucic wins face-off versus Henrik Sedin in MapleLeafs zone.
5:23 of 2nd period - Tobias Rieder is hit by Alexei Emelin and loses puck.
6:15 of 2nd period - Icing by Kevin Klein.
6:16 of 2nd period - Mikael Backlund wins face-off versus Henrik Sedin in Lightning zone.
6:23 of 2nd period - Shot by Mikael Backlund.
6:23 of 2nd period - Shot Misses the Net.
6:33 of 2nd period - Brent Seabrook is hit by Matt Hendricks and loses puck.
6:53 of 2nd period - Shot by Johnny Gaudreau.
6:53 of 2nd period - Stopped by Craig Anderson without a rebound.
6:54 of 2nd period - Jordan Staal wins face-off versus Jeff Carter in MapleLeafs zone.
7:19 of 2nd period - Shot by David Krejci.
7:19 of 2nd period - Shot Misses the Net.
7:21 of 2nd period - Shot by David Krejci.
7:21 of 2nd period - Stopped by Kari Lehtonen with a rebound.
7:23 of 2nd period - Shot by David Krejci.
7:23 of 2nd period - Stopped by Kari Lehtonen without a rebound.
7:24 of 2nd period - Jordan Staal wins face-off versus Jeff Carter in Lightning zone.
7:28 of 2nd period - Icing by Erik Gudbranson.
7:29 of 2nd period - Jeff Carter wins face-off versus Jordan Staal in Lightning zone.
7:59 of 2nd period - Shot by Scott Laughton.
7:59 of 2nd period - Shot Misses the Net.
8:01 of 2nd period - Shot by Jordan Staal.
8:01 of 2nd period - Shot Blocked by Kyle Quincey.
8:24 of 2nd period - Nick Leddy is hit by Andrej Sekera and loses puck.
8:28 of 2nd period - Icing by Andrej Sekera.
8:29 of 2nd period - Mikael Backlund wins face-off versus Travis Zajac in Lightning zone.
8:29 of 2nd period - Brent Seabrook is hit by Trevor Daley and loses puck.
8:39 of 2nd period - Teddy Purcell is hit by Brent Seabrook and loses puck.
8:53 of 2nd period - Icing by Marc Methot.
8:54 of 2nd period - Mikael Backlund wins face-off versus Henrik Sedin in MapleLeafs zone.
8:56 of 2nd period - Cory Conacher is hit by Troy Brouwer and loses puck.
9:18 of 2nd period - Shot by David Schlemko.
9:18 of 2nd period - Shot Misses the Net.
9:47 of 2nd period - Off-side.
9:48 of 2nd period - Jeff Carter wins face-off versus David Krejci in neutral zone.
9:48 of 2nd period - Jeff Carter is hit by Lawson Crouse.
9:56 of 2nd period - Shot by Jeff Carter.
9:56 of 2nd period - Stopped by Craig Anderson without a rebound.
9:57 of 2nd period - Vernon Fiddler wins face-off versus Anthony Mantha in MapleLeafs zone.
10:01 of 2nd period - Icing by Karl Alzner.
10:02 of 2nd period - Jeff Carter wins face-off versus Nazem Kadri in MapleLeafs zone.
10:03 of 2nd period - Shot by Patric Hornqvist.
10:03 of 2nd period - Deflect By Johnny Gaudreau.
10:03 of 2nd period - Stopped by Craig Anderson without a rebound.
10:04 of 2nd period - Jeff Carter wins face-off versus Lawson Crouse in MapleLeafs zone.
10:09 of 2nd period - Shot by Johnny Gaudreau.
10:09 of 2nd period - Shot Hit the Post.
10:25 of 2nd period - Shot by Jeff Carter.
10:25 of 2nd period - Shot Misses the Net.
10:46 of 2nd period - Minor Penalty to Lawson Crouse for Hooking.
10:47 of 2nd period - Mikael Backlund wins face-off versus Henrik Sedin in MapleLeafs zone.
11:13 of 2nd period - Minor Penalty to Kyle Quincey for Hooking.
11:13 of 2nd period - Minor Penalty to Reilly Smith for Diving.
11:14 of 2nd period - Jordan Staal wins face-off versus Vernon Fiddler in Lightning zone.
11:14 of 2nd period - Jordan Staal is hit by Kevin Klein.
11:21 of 2nd period - Icing by Kevin Klein.
11:22 of 2nd period - Troy Brouwer wins face-off versus Mikael Backlund in Lightning zone.
11:27 of 2nd period - Shot by Mikael Backlund.
11:27 of 2nd period - Stopped by Kari Lehtonen without a rebound.
11:28 of 2nd period - Troy Brouwer wins face-off versus Mikael Backlund in Lightning zone.
11:33 of 2nd period - Off-side.
11:34 of 2nd period - Mikael Backlund wins face-off versus Vernon Fiddler in neutral zone.
11:57 of 2nd period - Shot by Vernon Fiddler.
11:57 of 2nd period - Shot Blocked by Brent Seabrook.
11:59 of 2nd period - Shot by Vernon Fiddler.
11:59 of 2nd period - Shot Blocked by Brent Seabrook.
12:20 of 2nd period - Icing by Kevin Klein.
12:21 of 2nd period - Jordan Staal wins face-off versus Travis Zajac in Lightning zone.
12:24 of 2nd period - Shot by Jordan Staal.
12:24 of 2nd period - Stopped by Kari Lehtonen with a rebound.
12:28 of 2nd period - Shot by Jordan Staal.
12:28 of 2nd period - Shot Misses the Net.
13:06 of 2nd period - Shot by Scott Laughton.
13:06 of 2nd period - Deflect By Cory Conacher.
13:06 of 2nd period - Stopped by Kari Lehtonen with a rebound.
14:01 of 2nd period - Troy Brouwer is hit by Alexei Emelin and loses puck.
14:18 of 2nd period - Shot by David Krejci.
14:18 of 2nd period - Stopped by Kari Lehtonen with a rebound.
14:24 of 2nd period - Shot by Lawson Crouse.
14:24 of 2nd period - Shot Misses the Net.
14:38 of 2nd period - Shot by David Krejci.
14:38 of 2nd period - Deflect By Reilly Smith.
14:38 of 2nd period - Shot Misses the Net.
14:40 of 2nd period - Shot by David Krejci.
14:40 of 2nd period - Shot Blocked by Tobias Rieder.
14:42 of 2nd period - Shot by Reilly Smith.
14:42 of 2nd period - Stopped by Kari Lehtonen with a rebound.
14:44 of 2nd period - Shot by Brent Seabrook.
14:44 of 2nd period - Shot Blocked by David Schlemko.
15:42 of 2nd period - Shot by Jeff Carter.
15:42 of 2nd period - Shot Misses the Net.
15:44 of 2nd period - Shot by Johnny Gaudreau.
15:44 of 2nd period - Shot Blocked by Karl Alzner.
15:46 of 2nd period - Shot by Patric Hornqvist.
15:46 of 2nd period - Goal by Patric Hornqvist - MapleLeafs : 1 - Lightning : 2.
15:47 of 2nd period - Vernon Fiddler wins face-off versus Jordan Staal in neutral zone.
16:10 of 2nd period - Shot by Jordan Staal.
16:10 of 2nd period - Shot Misses the Net.
16:27 of 2nd period - Icing by Erik Gudbranson.
16:28 of 2nd period - Nazem Kadri wins face-off versus Vernon Fiddler in Lightning zone.
16:57 of 2nd period - Shot by Anthony Mantha.
16:57 of 2nd period - Shot Misses the Net.
17:30 of 2nd period - Jeff Carter is hit by Marc Methot and loses puck.
17:33 of 2nd period - Shot by Trevor Daley.
17:33 of 2nd period - Stopped by Craig Anderson without a rebound.
17:34 of 2nd period - Henrik Sedin wins face-off versus David Krejci in MapleLeafs zone.
18:12 of 2nd period - Shot by Kyle Quincey.
18:12 of 2nd period - Shot Blocked by Alexei Emelin.
18:36 of 2nd period - Shot by Patric Hornqvist.
18:36 of 2nd period - Shot Misses the Net.
18:38 of 2nd period - Shot by Andrej Sekera.
18:38 of 2nd period - Shot Misses the Net.
19:03 of 2nd period - Off-side.
19:04 of 2nd period - Travis Zajac wins face-off versus Nazem Kadri in neutral zone.
19:19 of 2nd period - Shot by Eric Fehr.
19:19 of 2nd period - Shot Misses the Net.
19:21 of 2nd period - Shot by Travis Zajac.
19:21 of 2nd period - Shot Misses the Net.
Goals for this period are 0 for MapleLeafs vs 1 for Lightning.
Shots for this period are 8 for MapleLeafs vs 7 for Lightning.

3rd period


0:01 of 3rd period - Jeff Carter wins face-off versus Nazem Kadri in neutral zone.
0:25 of 3rd period - Shot by Anthony Mantha.
0:25 of 3rd period - Stopped by Kari Lehtonen with a rebound.
0:32 of 3rd period - Milan Lucic is hit by Trevor Daley.
0:47 of 3rd period - Icing by Marc Methot.
0:48 of 3rd period - Nazem Kadri wins face-off versus Henrik Sedin in MapleLeafs zone.
1:16 of 3rd period - Shot by Reilly Smith.
1:16 of 3rd period - Shot Blocked by Kevin Klein.
1:18 of 3rd period - Shot by Karl Alzner.
1:18 of 3rd period - Goal by Karl Alzner - MapleLeafs : 2 - Lightning : 2.
1:19 of 3rd period - Eric Fehr wins face-off versus Mikael Backlund in neutral zone.
1:39 of 3rd period - Mikael Backlund is hit by Erik Gudbranson and loses puck.
2:05 of 3rd period - Icing by Eric Fehr.
2:06 of 3rd period - Travis Zajac wins face-off versus Reilly Smith in Lightning zone.
2:33 of 3rd period - David Krejci is hit by Andrej Sekera.
2:47 of 3rd period - Shot by Jeff Carter.
2:47 of 3rd period - Shot Blocked by Nick Leddy.
3:33 of 3rd period - Shot by Milan Lucic.
3:33 of 3rd period - Shot Misses the Net.
3:35 of 3rd period - Shot by Marc Methot.
3:35 of 3rd period - Stopped by Kari Lehtonen without a rebound.
3:36 of 3rd period - Jordan Staal wins face-off versus Vernon Fiddler in Lightning zone.
3:59 of 3rd period - Shot by Scott Laughton.
3:59 of 3rd period - Stopped by Kari Lehtonen without a rebound.
4:00 of 3rd period - Travis Zajac wins face-off versus Nazem Kadri in Lightning zone.
4:10 of 3rd period - Nazem Kadri is hit by Trevor Daley.
4:20 of 3rd period - Shot by Anthony Mantha.
4:20 of 3rd period - Stopped by Kari Lehtonen with a rebound.
4:28 of 3rd period - Shot by Anthony Mantha.
4:28 of 3rd period - Stopped by Kari Lehtonen without a rebound.
4:29 of 3rd period - Johnny Gaudreau wins face-off versus Mikael Backlund in Lightning zone.
4:29 of 3rd period - Johnny Gaudreau is hit by Cory Conacher.
4:43 of 3rd period - Shot by Jeff Carter.
4:43 of 3rd period - Shot Misses the Net.
5:30 of 3rd period - Shot by Jordan Staal.
5:30 of 3rd period - Stopped by Kari Lehtonen without a rebound.
5:31 of 3rd period - Henrik Sedin wins face-off versus Nazem Kadri in Lightning zone.
5:46 of 3rd period - Shot by Milan Lucic.
5:46 of 3rd period - Stopped by Kari Lehtonen without a rebound.
5:47 of 3rd period - Travis Zajac wins face-off versus David Krejci in Lightning zone.
5:53 of 3rd period - Travis Zajac is hit by Brent Seabrook and loses puck.
6:15 of 3rd period - Reilly Smith is hit by Erik Gudbranson and loses puck.
6:20 of 3rd period - Shot by David Krejci.
6:20 of 3rd period - Shot Misses the Net.
6:22 of 3rd period - Shot by Marc Methot.
6:22 of 3rd period - Stopped by Kari Lehtonen without a rebound.
6:23 of 3rd period - Nazem Kadri wins face-off versus Henrik Sedin in Lightning zone.
6:23 of 3rd period - Nazem Kadri is hit by Andrej Sekera.
7:35 of 3rd period - Shot by Johnny Gaudreau.
7:35 of 3rd period - Shot Misses the Net.
7:54 of 3rd period - Minor Penalty to Matt Hendricks for Unsportsmanlike conduct.
7:55 of 3rd period - Jordan Staal wins face-off versus Eric Fehr in Lightning zone.
8:02 of 3rd period - Shot by Jordan Staal.
8:02 of 3rd period - Shot Misses the Net.
8:10 of 3rd period - Shot by Jordan Staal.
8:10 of 3rd period - Stopped by Kari Lehtonen without a rebound.
8:11 of 3rd period - Eric Fehr wins face-off versus Jordan Staal in Lightning zone.
8:23 of 3rd period - Icing by Alexei Emelin.
8:24 of 3rd period - Jordan Staal wins face-off versus Eric Fehr in MapleLeafs zone.
9:02 of 3rd period - Icing by Mikael Backlund.
9:03 of 3rd period - Mikael Backlund wins face-off versus Eric Fehr in MapleLeafs zone.
9:13 of 3rd period - Mikael Backlund is hit by Erik Gudbranson and loses puck.
9:46 of 3rd period - Shot by Erik Gudbranson.
9:46 of 3rd period - Stopped by Craig Anderson with a rebound.
9:58 of 3rd period - Shot by Patric Hornqvist.
9:58 of 3rd period - Stopped by Craig Anderson without a rebound.
9:59 of 3rd period - Jordan Staal wins face-off versus Patric Hornqvist in MapleLeafs zone.
10:22 of 3rd period - Shot by Johnny Gaudreau.
10:22 of 3rd period - Stopped by Craig Anderson without a rebound.
10:23 of 3rd period - David Krejci wins face-off versus Henrik Sedin in MapleLeafs zone.
10:40 of 3rd period - Shot by David Krejci.
10:40 of 3rd period - Stopped by Kari Lehtonen without a rebound.
10:41 of 3rd period - Jeff Carter wins face-off versus Milan Lucic in Lightning zone.
10:41 of 3rd period - Jeff Carter is hit by Milan Lucic.
11:04 of 3rd period - Icing by Alexei Emelin.
11:05 of 3rd period - Nazem Kadri wins face-off versus Troy Brouwer in MapleLeafs zone.
13:08 of 3rd period - Shot by Mikael Backlund.
13:08 of 3rd period - Stopped by Kari Lehtonen without a rebound.
13:09 of 3rd period - Jimmy Hayes wins face-off versus Vernon Fiddler in Lightning zone.
13:10 of 3rd period - Shot by Jordan Staal.
13:10 of 3rd period - Stopped by Kari Lehtonen without a rebound.
13:11 of 3rd period - Jordan Staal wins face-off versus Vernon Fiddler in Lightning zone.
14:22 of 3rd period - Patric Hornqvist is hit by Alexei Emelin and loses puck.
14:35 of 3rd period - Shot by Jeff Carter.
14:35 of 3rd period - Stopped by Craig Anderson without a rebound.
14:36 of 3rd period - Mikael Backlund wins face-off versus Henrik Sedin in MapleLeafs zone.
15:37 of 3rd period - Shot by Patric Hornqvist.
15:37 of 3rd period - Shot Blocked by Cory Conacher.
16:27 of 3rd period - Shot by Eric Fehr.
16:27 of 3rd period - Shot Misses the Net.
17:40 of 3rd period - Shot by Henrik Sedin.
17:40 of 3rd period - Stopped by Craig Anderson without a rebound.
17:41 of 3rd period - Jeff Carter wins face-off versus Nazem Kadri in MapleLeafs zone.
18:00 of 3rd period - Shot by Patric Hornqvist.
18:00 of 3rd period - Shot Misses the Net.
18:02 of 3rd period - Shot by Kyle Quincey.
18:02 of 3rd period - Stopped by Craig Anderson with a rebound.
18:04 of 3rd period - Shot by Patric Hornqvist.
18:04 of 3rd period - Deflect By Jeff Carter.
18:04 of 3rd period - Shot Misses the Net.
18:32 of 3rd period - Karl Alzner is hit by Travis Zajac and loses puck.
18:42 of 3rd period - Off-side.
18:43 of 3rd period - David Krejci wins face-off versus Tobias Rieder in neutral zone.
18:56 of 3rd period - Tobias Rieder is hit by Reilly Smith and loses puck.
19:09 of 3rd period - Karl Alzner is hit by Troy Brouwer and loses puck.
Goals for this period are 1 for MapleLeafs vs 0 for Lightning.
Shots for this period are 13 for MapleLeafs vs 6 for Lightning.

Overtime #1


0:01 of 1st overtime period - Jeff Carter wins face-off versus Nazem Kadri in neutral zone.
0:08 of 1st overtime period - Shot by Jeff Carter.
0:08 of 1st overtime period - Shot Misses the Net.
0:20 of 1st overtime period - Shot by Jeff Carter.
0:20 of 1st overtime period - Shot Misses the Net.
0:22 of 1st overtime period - Shot by Henrik Sedin.
0:22 of 1st overtime period - Shot Misses the Net.
0:24 of 1st overtime period - Shot by Kyle Quincey.
0:24 of 1st overtime period - Shot Hit the Post.
0:38 of 1st overtime period - Shot by Jeff Carter.
0:38 of 1st overtime period - Stopped by Craig Anderson without a rebound.
0:39 of 1st overtime period - Travis Zajac wins face-off versus Jordan Staal in MapleLeafs zone.
0:56 of 1st overtime period - Shot by Travis Zajac.
0:56 of 1st overtime period - Stopped by Craig Anderson without a rebound.
0:57 of 1st overtime period - Nazem Kadri wins face-off versus Jeff Carter in MapleLeafs zone.
1:18 of 1st overtime period - Shot by Nazem Kadri.
1:18 of 1st overtime period - Shot Misses the Net.
1:27 of 1st overtime period - Icing by Henrik Sedin.
1:28 of 1st overtime period - Jeff Carter wins face-off versus Jordan Staal in Lightning zone.
1:51 of 1st overtime period - Shot by Jordan Staal.
1:51 of 1st overtime period - Deflect By David Krejci.
1:51 of 1st overtime period - Shot Misses the Net.
2:01 of 1st overtime period - Shot by Travis Zajac.
2:01 of 1st overtime period - Shot Misses the Net.
2:33 of 1st overtime period - Shot by Johnny Gaudreau.
2:33 of 1st overtime period - Stopped by Craig Anderson with a rebound.
2:55 of 1st overtime period - Shot by Milan Lucic.
2:55 of 1st overtime period - Deflect By Nazem Kadri.
2:55 of 1st overtime period - Shot Misses the Net.
3:50 of 1st overtime period - Shot by Anthony Mantha.
3:50 of 1st overtime period - Stopped by Kari Lehtonen without a rebound.
3:51 of 1st overtime period - Travis Zajac wins face-off versus Scott Laughton in Lightning zone.
4:04 of 1st overtime period - Shot by Johnny Gaudreau.
4:04 of 1st overtime period - Stopped by Craig Anderson without a rebound.
4:05 of 1st overtime period - Jeff Carter wins face-off versus Nazem Kadri in MapleLeafs zone.
4:22 of 1st overtime period - Shot by Henrik Sedin.
4:22 of 1st overtime period - Stopped by Craig Anderson without a rebound.
4:23 of 1st overtime period - Travis Zajac wins face-off versus David Krejci in MapleLeafs zone.
4:24 of 1st overtime period - Shot by Jeff Carter.
4:24 of 1st overtime period - Deflect By Travis Zajac.
4:24 of 1st overtime period - Stopped by Craig Anderson without a rebound.
4:25 of 1st overtime period - David Krejci wins face-off versus Travis Zajac in MapleLeafs zone.
4:36 of 1st overtime period - Shot by Milan Lucic.
4:36 of 1st overtime period - Shot Misses the Net.
4:52 of 1st overtime period - Shot by David Krejci.
4:52 of 1st overtime period - Stopped by Kari Lehtonen without a rebound.
4:53 of 1st overtime period - Jordan Staal wins face-off versus Jeff Carter in Lightning zone.
Goals for this period are 0 for MapleLeafs vs 0 for Lightning.
Shots for this period are 2 for MapleLeafs vs 6 for Lightning.

ShootOut


5:00 of 1st overtime period - Penalty Shot by Nazem Kadri for MapleLeafs.
5:00 of 1st overtime period - Stopped by Kari Lehtonen.
5:00 of 1st overtime period - Penalty Shot by Jeff Carter for Lightning.
5:00 of 1st overtime period - Stopped by Craig Anderson.
5:00 of 1st overtime period - Penalty Shot by Milan Lucic for MapleLeafs.
5:00 of 1st overtime period - Stopped by Kari Lehtonen.
5:00 of 1st overtime period - Penalty Shot by Henrik Sedin for Lightning.
5:00 of 1st overtime period - Shot Misses the Net.
5:00 of 1st overtime period - Penalty Shot by Jordan Staal for MapleLeafs.
5:00 of 1st overtime period - Goal by Jordan Staal.
5:00 of 1st overtime period - Penalty Shot by Travis Zajac for Lightning.
5:00 of 1st overtime period - Stopped by Craig Anderson.